Map: [ESL] Data-C

Players

Astrea - Winner!

  • Race: Protoss Protoss
  • Spawn Location: 3:00

Future

  • Race: Terran Terran
  • Spawn Location: 9:00

Event: DreamHack SC2 Masters 2022 Atlanta (Online)

VOD

Have the link to the VOD?

Description

Time

  • Played on: Oct. 4, 2022, 5:40 p.m.
  • Length: 16:21

All games in this series

Show
View Real Time Build Order
Export as new Build Order

Astrea Protoss - Winner!

Build Orders: 1 Gate Expand 

Get SALT Encoding   

  12  0:00  Probe  
  13  0:12  Probe  
  14  0:16  Pylon  
  14  0:24  Probe (Chrono Boost)  
  16  0:36  Gateway, Probe (Chrono Boost)  
  16  0:43  Probe (Chrono Boost)  
  16  0:45  Assimilator  
  17  0:51  Probe  
  18  1:03  Probe  
  19  1:15  Probe  
  20  1:24  Cybernetics Core  
  20  1:32  Nexus  
  20  1:35  Probe  
  21  1:44  Pylon  
  21  1:48  Probe  
  21  1:50  Assimilator  
  22  2:00  Probe, Stalker (Chrono Boost)  
  23  2:05  Warp Gate  
  25  2:12  Probe  
  26  2:24  Stalker (Chrono Boost)  
  26  2:28  Probe  
  28  2:40  Probe  
  29  2:48  Probe  
  29  2:49  Stalker (Chrono Boost)  
  32  2:53  Probe  
  33  3:00  Probe  
  33  3:05  Probe  
  35  3:12  Probe  
  35  3:16  Gateway  
  35  3:17  Probe (Chrono Boost)  
  35  3:18  Sentry  
  38  3:24  Probe (Chrono Boost), Pylon  
  39  3:29  Probe (Chrono Boost)  
  41  3:34  Robotics Facility  
  41  3:36  Probe (Chrono Boost)  
  41  3:38  Probe (Chrono Boost)  
  41  3:40  Probe (Chrono Boost)  
  42  3:44  Probe  
  44  3:51  Probe  
  43  3:55  Shield Battery  
  43  3:57  Stalker  
  42  4:07  Probe  
  42  4:09  Probe  
  38  4:11  Stalker  
  38  4:17  Pylon  
  38  4:22  Observer (Chrono Boost)  
  38  4:23  Probe x2  
  41  4:25  Stalker  
  43  4:35  Observer (Chrono Boost), Probe x2  
  46  4:47  Stalker  
  46  4:48  Probe x2  
  50  4:54  Nexus  
  50  4:55  Phoenix  
  50  4:57  Stalker  
  52  5:02  Probe (Chrono Boost)  
  52  5:03  Probe (Chrono Boost)  
  52  5:05  Assimilator  
  54  5:09  Assimilator  
  55  5:14  Pylon  
  55  5:15  Probe (Chrono Boost)  
  55  5:16  Observer, Probe (Chrono Boost)  
  55  5:19  Probe (Chrono Boost)  
  56  5:25  Robotics Bay  
  58  5:29  Probe (Chrono Boost)  
  58  5:32  Probe (Chrono Boost)  
  58  5:35  Pylon  
  59  5:39  Probe (Chrono Boost)  
  59  5:40  Probe (Chrono Boost)  
  59  5:42  Stalker x2  
  63  5:49  Probe  
  63  5:51  Probe  
  63  5:53  Shield Battery  
  64  6:01  Probe  
  65  6:05  Twilight Council  
  65  6:06  Probe (Chrono Boost)  
  65  6:11  Probe (Chrono Boost)  
  67  6:12  Observer  
  67  6:14  Probe (Chrono Boost)  
  67  6:16  Colossus  
  74  6:19  Probe (Chrono Boost)  
  77  6:26  Probe (Chrono Boost)  
  77  6:27  Probe x2 (Chrono Boost)  
  77  6:28  Forge  
  77  6:31  Probe (Chrono Boost)  
  79  6:33  Probe x2  
  79  6:36  Blink (Chrono Boost)  
  81  6:41  Probe  
  81  6:45  Probe x2  
  82  6:51  Observer  
  82  6:54  Probe  
  80  6:57  Probe  
  80  6:58  Probe  
  80  6:59  Extended Thermal Lance  
  82  7:06  Protoss Ground Weapons Level 1 (Chrono Boost), Phoenix, Probe  
  82  7:07  Colossus (Chrono Boost)  
  83  7:09  Probe  
  83  7:10  Probe  
  90  7:17  Shield Battery, Pylon  
  90  7:18  Probe  
  90  7:21  Probe  
  90  7:22  Probe  
  93  7:26  Gateway  
  93  7:28  Gateway  
  93  7:30  Gateway  
  93  7:33  Pylon  
  93  7:35  Probe x3  
  96  7:38  Assimilator  
  96  7:40  Pylon  
  96  7:41  Assimilator  
  96  7:51  Colossus (Chrono Boost)  
  96  7:52  Gateway  
  96  7:53  Gateway  
  96  7:55  Zealot x2  
  106  8:00  Probe  
  106  8:05  Pylon  
  107  8:06  Pylon  
  107  8:10  Probe  
  107  8:17  Charge (Chrono Boost)  
  107  8:19  Pylon  
  107  8:21  Templar Archives  
  107  8:22  Pylon  
  105  8:30  Zealot x5  
  115  8:46  Pylon  
  115  8:54  Zealot x5, Observer (Chrono Boost)  
  115  8:55  Zealot x2  
  130  8:58  Pylon  
  130  8:59  Nexus, Pylon  
  130  9:06  Warp Prism (Chrono Boost), Protoss Ground Weapons Level 2 (Chrono Boost)  
  132  9:11  Forge  
  132  9:19  High Templar x4  
  132  9:20  Zealot, High Templar x2  
  132  9:22  Gateway  
  132  9:23  Archon x2  
  146  9:24  Archon  
  146  9:41  Disruptor (Chrono Boost), Pylon  
  146  9:42  Protoss Ground Armor Level 1 (Chrono Boost)  
  146  9:44  Pylon  
  149  9:47  Zealot  
  149  9:51  Pylon  
  149  9:52  Pylon  
  147  9:54  High Templar x4  
  147  9:55  Zealot x2  
  157  10:00  Archon x2  
  157  10:06  Probe x3  
  160  10:12  Disruptor (Chrono Boost)  
  163  10:19  Zealot x4  
  171  10:22  Shield Battery  
  171  10:24  Pylon  
  171  10:26  Zealot x4  
  173  10:46  Disruptor  
  173  10:48  Zealot x8  
  161  11:14  Zealot x8  
  163  11:21  Disruptor  
  127  11:27  Probe x2  
  117  11:35  Protoss Ground Weapons Level 3 (Chrono Boost)  
  117  11:37  High Templar x3  
  117  11:38  High Templar x3  
  117  11:39  Zealot x2  
  133  11:43  Nexus, Archon x3  
  133  11:45  Protoss Ground Armor Level 2 (Chrono Boost)  
  133  11:59  Observer  
  131  12:12  Disruptor  
  134  12:16  Probe x3  
  137  12:28  Probe  
  138  12:32  Zealot x3, Stalker x3  
  138  12:33  Zealot x2  
  138  12:34  Probe x2  
  156  12:40  Probe  
  156  12:46  Probe  
  156  12:48  Disruptor  
  156  12:51  Robotics Facility  
  160  12:52  Shield Battery  
  160  12:56  Pylon  
  160  12:59  Zealot x6  
  160  13:00  Zealot  
  169  13:19  Probe x4  
  172  13:22  Stalker x5  
  182  13:28  Zealot x3  
  186  13:34  Shield Battery, Photon Cannon  
  158  13:50  Warp Prism  
  158  13:52  Zealot x5  
  170  13:59  High Templar  
  170  14:00  Zealot  
  170  14:01  Zealot  
  176  14:07  Disruptor  
  178  14:24  Stalker  
  178  14:25  Stalker x5  
  178  14:26  Observer  
  186  14:36  Zealot x2  
  182  14:45  Disruptor  
  181  14:47  Disruptor  
  181  14:52  Stalker x5  
  180  14:53  Stalker  
  180  14:58  High Templar  
  184  15:03  Archon  
  178  15:14  Pylon  
  178  15:18  Zealot x7  
  193  15:21  Observer  
  193  15:23  Observer  
  177  15:47  Stalker x8  
  191  15:50  Dark Shrine  
  191  16:01  Nexus  
Show
View Real Time Build Order
Export as new Build Order

Future Terran 

Build Orders:  

Get SALT Encoding   

  12  0:00  SCV  
  13  0:12  SCV  
  14  0:17  Supply Depot  
  14  0:24  SCV  
  15  0:39  SCV  
  15  0:40  Barracks  
  16  0:45  Refinery  
  16  0:51  SCV  
  16  0:55  Refinery  
  17  1:03  SCV  
  18  1:15  SCV  
  19  1:27  Reaper, Orbital Command  
  20  1:34  Supply Depot  
  20  1:45  Factory  
  20  1:53  SCV  
  21  1:59  Barracks Tech Lab  
  21  2:03  Bunker  
  21  2:06  SCV  
  22  2:18  SCV  
  22  2:21  Marauder  
  25  2:27  Concussive Shells  
  25  2:30  SCV  
  25  2:34  Hellion  
  28  2:42  Supply Depot  
  28  2:43  SCV  
  29  2:49  Marauder  
  31  3:02  Starport  
  31  3:04  Hellion  
  33  3:06  Supply Depot  
  33  3:11  SCV  
  33  3:13  Marauder  
  35  3:24  SCV  
  36  3:33  Factory Tech Lab  
  36  3:36  SCV  
  37  3:43  Starport Tech Lab  
  37  3:45  Command Center  
  37  3:48  SCV  
  38  4:07  SCV  
  32  4:13  Banshee, Cloaking Field  
  32  4:14  Cyclone  
  34  4:19  SCV  
  36  4:31  SCV  
  36  4:39  Command Center  
  36  4:43  SCV  
  37  4:48  Barracks Reactor  
  37  4:56  SCV  
  37  4:57  Orbital Command  
  37  4:58  Banshee  
  41  5:08  SCV  
  41  5:10  Barracks  
  42  5:20  SCV  
  43  5:21  Siege Tank  
  43  5:23  SCV  
  43  5:25  Supply Depot, Marine  
  43  5:26  Marine  
  43  5:27  Bunker  
  49  5:32  SCV  
  50  5:36  SCV, Barracks  
  51  5:43  Marine x2  
  51  5:44  SCV  
  51  5:48  SCV  
  55  5:53  Orbital Command  
  56  5:57  SCV  
  56  6:00  SCV  
  56  6:01  Refinery  
  56  6:03  Marine x2  
  59  6:04  Engineering Bay  
  59  6:09  SCV  
  60  6:12  SCV, Starport Reactor  
  60  6:14  Factory Tech Lab  
  60  6:17  Stimpack, Marauder  
  63  6:19  SCV  
  63  6:21  Refinery, SCV  
  63  6:23  Marine  
  63  6:24  SCV  
  63  6:25  Marine  
  68  6:31  Supply Depot, SCV  
  69  6:33  SCV  
  69  6:35  Marauder  
  69  6:39  SCV  
  73  6:42  Marauder  
  73  6:43  Barracks  
  73  6:44  Barracks  
  73  6:45  Marine  
  76  6:49  SCV  
  76  6:51  SCV, Combat Shield  
  78  6:56  Supply Depot, Terran Infantry Weapons Level 1  
  78  6:58  Orbital Command  
  78  7:01  SCV, Marauder  
  81  7:02  Marine  
  81  7:03  SCV, Marine  
  81  7:04  Marauder  
  86  7:12  Supply Depot  
  86  7:13  Supply Depot, SCV  
  86  7:15  SCV  
  88  7:20  Marine  
  88  7:22  Marauder  
  91  7:24  SCV  
  91  7:25  Marauder  
  91  7:27  Siege Tank  
  91  7:28  SCV  
  91  7:29  SCV  
  99  7:31  Barracks Reactor, Barracks Tech Lab  
  99  7:34  Refinery x2  
  99  7:36  SCV  
  100  7:40  Marine  
  100  7:41  SCV x2, Marine  
  100  7:42  Supply Depot x2  
  100  7:43  Marauder  
  106  7:45  Medivac  
  106  7:47  Marauder  
  106  7:49  SCV  
  106  7:50  Bunker  
  106  7:51  Supply Depot  
  113  7:58  Supply Depot  
  113  7:59  Siege Tank  
  114  8:06  Marauder x2, Marine  
  114  8:09  Marine x2  
  114  8:10  Marauder, Marine  
  124  8:17  Supply Depot  
  124  8:18  Supply Depot, Medivac x2  
  128  8:20  Supply Depot  
  128  8:26  Marine  
  128  8:27  Marine  
  129  8:28  Marauder x2  
  129  8:31  Siege Tank, Marine  
  129  8:32  Marauder  
  140  8:38  Marine  
  137  8:45  Ghost Academy  
  137  8:48  Supply Depot, Marine x2  
  136  8:49  Marauder x2  
  136  8:53  Marauder  
  142  8:57  Marine x2  
  142  8:59  Viking x2  
  148  9:04  Siege Tank  
  151  9:11  Supply Depot, Marine  
  151  9:13  Supply Depot  
  151  9:16  Ghost  
  156  9:17  Ghost  
  156  9:18  Marine x2  
  156  9:19  Marine  
  156  9:23  Ghost  
  161  9:34  Marine  
  161  9:36  Marine x3  
  165  9:40  Viking x2  
  169  9:46  Marauder x2  
  169  9:50  Siege Tank  
  176  9:53  Marauder  
  176  9:56  Marine  
  175  10:07  Marauder x2  
  175  10:08  Command Center  
  175  10:09  Terran Infantry Armor Level 1  
  175  10:10  Barracks x3  
  181  10:14  Marauder  
  181  10:17  Viking x2  
  181  10:20  Marine x4  
  187  10:32  Siege Tank  
  178  10:47  Marauder x3, Marine  
  171  10:50  Marine  
  171  10:56  Marine x2  
  164  10:57  Marine  
  164  11:00  Marine  
  164  11:01  Marine  
  167  11:05  Marine  
  167  11:07  Marine  
  167  11:08  Marauder x2  
  167  11:09  Marauder  
  171  11:14  Marine  
  156  11:23  Marine x2  
  156  11:24  Marine x2  
  113  11:28  Marine x2  
  113  11:29  Marauder x2  
  113  11:30  Marauder  
  113  11:32  Marine  
  110  11:40  SCV x3  
  110  11:43  Marine  
  110  11:44  Barracks Tech Lab x2, Marine  
  115  11:51  Marauder x2  
  115  11:52  SCV x2  
  115  11:53  SCV  
  122  11:54  Ghost  
  122  11:55  Marine  
  122  11:56  Marine  
  126  12:07  Marauder x2  
  119  12:09  Marine x3  
  119  12:11  Medivac, Ghost x2  
  119  12:13  Medivac  
  125  12:22  Marine x2  
  125  12:24  Marauder  
  125  12:25  Planetary Fortress  
  125  12:27  SCV x2, Marine  
  125  12:28  SCV, Ghost x2  
  137  12:32  Marine  
  138  12:39  SCV x2  
  144  12:44  Marauder x2, Marine  
  144  12:45  Marauder  
  144  12:46  Marine x3  
  144  12:48  Medivac  
  144  12:50  Marine  
  144  12:51  Medivac  
  151  12:52  SCV  
  151  12:55  Missile Turret  
  151  12:58  Marine x2  
  154  13:08  Marauder x2, Marine x2  
  154  13:09  Marine  
  161  13:15  Marauder, Marine  
  161  13:16  Marauder  
  166  13:20  Medivac  
  166  13:25  Medivac  
  170  13:27  SCV x2  
  170  13:29  SCV x2  
  170  13:31  Marauder  
  175  13:47  Marauder x2  
  169  13:49  Marauder x2, Marine x2  
  175  13:57  Marauder  
  175  14:00  Missile Turret, Marine  
  175  14:02  Marine  
  179  14:05  Missile Turret  
  179  14:07  Marine  
  179  14:09  Marauder x2  
  184  14:10  Marauder x2, Marine  
  184  14:16  Marine  
  190  14:18  Marine  
  190  14:19  Marauder  
  190  14:21  Marine  
  194  14:27  Marine  
  194  14:30  Marauder x2  
  199  14:36  Marauder  
  175  14:40  Marauder x2  
  175  14:42  Marine  
  174  14:46  Marine  
  174  14:51  Marauder x2  
  166  14:56  Marine x2  
  166  14:57  Marauder  
  166  14:58  Medivac  
  166  15:01  Marauder  
  166  15:02  Marauder  
  166  15:04  Marine x2  
  170  15:10  Medivac  
  170  15:13  Marauder x2  
  176  15:18  Ghost  
  178  15:22  Ghost  
  178  15:23  Marauder, Marine x4  
  178  15:27  Medivac  
  186  15:34  Marauder x2  
  170  15:37  Marine  
  169  15:44  Medivac, Marauder  
  169  15:45  Marine  
  169  15:46  Marine  
  169  15:47  Marauder, Marine x2  
  178  15:51  Marauder  
  178  15:55  Marauder, Marine x2  
Tags
 
Add a new tag
Caveats
  • Supply blocks, unpowered buildings, or Contaminate may cause inaccurate times.
  • Supply counts are checked every 10 seconds.